 Dungeon Crawl Stone Soup version 0.21.1-1-g345015f (webtiles) character file.

268 tyranidshit the Skirmisher (level 6, -1/53 HPs)
             Began as a Demonspawn Abyssal Knight on July 24, 2018.
             Was a Priest of Lugonu.
             Killed from afar by lorenzova's ghost (14 damage)
             ... with an orb of energy
             ... on level 4 of the Dungeon.
             The game lasted 00:09:33 (3119 turns).

tyranidshit the Skirmisher (DsAK)                   Turns: 3119, Time: 00:09:34

Health: -1/53      AC: 18    Str: 15    XL:     6   Next: 1%
Magic:  7/7        EV:  6    Int: 11    God:    Lugonu [***...]
Gold:   195        SH:  0    Dex: 12    Spells: 5/5 levels left

rFire    . . .     SeeInvis .   c - +2 flail (protect)
rCold    . . .     Gourm    .   (no shield)
rNeg     . . .     Faith    .   f - +0 chain mail
rPois    .         Spirit   .   (no helmet)
rElec    .         Reflect  .   j - +0 cloak
rCorr    .         Harm     .   (no gloves)
MR       .....                  h - +1 pair of boots
Stlth    ..........             (no amulet)
HPRegen  0.17/turn              (no ring)
MPRegen  0.10/turn              (no ring)

@: protection aura
A: claws 1, dopey 1, powered by pain 2, spiny 2, wild magic 1
a: Depart the Abyss, Bend Space, Banish, Renounce Religion


You were on level 4 of the Dungeon.
You worshipped Lugonu.
Lugonu was most pleased with you.
You were not hungry.

You visited 1 branch of the dungeon, and saw 4 of its levels.
You visited the Abyss 1 time.

You collected 195 gold pieces.

Inventory:

Hand Weapons
 a - a +2 hand axe
 c - a +2 flail of protection (weapon)
 i - a +4 quarterstaff of chaos
Armour
 f - a +0 chain mail (worn)
 h - a +1 pair of boots (worn)
 j - a +0 cloak (worn)
Jewellery
 p - an uncursed ring of teleportation
Scrolls
 b - 4 scrolls of enchant weapon
 e - 4 scrolls of identify
 l - a scroll of remove curse
Potions
 g - a potion of mutation
 k - a potion of flight
Comestibles
 n - 2 rations


   Skills:
 + Level 6.8 Fighting
 - Level 1.7 Axes
 - Level 1.7 Armour
 - Level 0.8 Dodging
 - Level 2.4 Invocations


You had 5 spell levels left.
You didn't know any spells.

Dungeon Overview and Level Annotations

Branches:
Dungeon (4/15)
 Temple: D:4-7

Altars:
Elyvilon
Uskayaw
Yredelemnul
Zin
The Shining One

Annotations:
D:4 lorenzova's ghost, amateur DECj


Innate Abilities, Weirdness & Mutations

You have sharp fingernails.
You sometimes gain power by taking damage.
You are mostly covered in sharp spines.
You are dopey. (Int -2)
Your spells are a little harder to cast, but a little more powerful.


Message History

An orc comes into view.
You closely miss lorenzova's ghost.
Lorenzova's ghost is severely damaged.
Lorenzova's ghost gestures at you while chanting.
The orb of energy hits you!
The orb of energy explodes!
Lorenzova's ghost gestures at you while chanting.
The magic dart hits you!
* * * LOW HITPOINT WARNING * * *
An orc comes into view.
You sock lorenzova's ghost!
Lorenzova's ghost is almost destroyed.
Lorenzova's ghost hits you.
* * * LOW HITPOINT WARNING * * *
The orc moves out of view.
Unknown command.
You closely miss lorenzova's ghost.
Lorenzova's ghost is almost destroyed.
Lorenzova's ghost casts a spell at you. The orb of energy hits you!
You die...

..# #..#
..# ##.##
.# #...#
#.#.#
#.#.####
..#....#
#######.#
#....#
#@####
#W# .o#
####


You could see lorenzova's ghost and an orc.

Vanquished Creatures
  Crazy Yiuf (D:2)
  A hound (D:2)
  An orc wizard (D:3)
  Jessica (D:2)
  Robin (D:2)
  An adder (D:3)
  2 oozes
  2 adder skeletons (D:4)
  4 worms
  2 dart slugs
  A leopard gecko (D:3)
  7 orcs (D:3)
  12 bats
  5 giant cockroaches
  19 goblins
  14 hobgoblins
  A jackal (D:3)
  A quokka (D:2)
  A ball python (D:3)
  6 frilled lizards
  6 kobolds
  10 rats
99 creatures vanquished.

Notes
Turn   | Place    | Note
-------+----------+-------------------------------------------
     0 | Abyss:1  | tyranidshit the Demonspawn Abyssal Knight began the quest for the Orb.
     0 | Abyss:1  | Reached XP level 1. HP: 18/18 MP: 2/2
    82 | D:1      | Escaped the Abyss
   188 | D:1      | Reached * piety under Lugonu
   188 | D:1      | Gained mutation: You have sharp fingernails. [demonic ancestry]
   188 | D:1      | Reached XP level 2. HP: 13/24 MP: 3/3
   440 | D:1      | Reached skill level 4 in Fighting
   606 | D:1      | Gained mutation: You sometimes gain a little power by taking damage. [demonic ancestry]
   606 | D:1      | Reached XP level 3. HP: 30/30 MP: 4/4
  1357 | D:2      | Noticed Robin
  1379 | D:2      | Killed Robin
  1385 | D:2      | Gained mutation: You are partially covered in sharp spines. [demonic ancestry]
  1385 | D:2      | Reached XP level 4. HP: 19/38 MP: 5/5
  1503 | D:2      | Found a runed door.
  1545 | D:2      | Noticed Crazy Yiuf
  1818 | D:2      | Killed Crazy Yiuf
  1818 | D:2      | Reached ** piety under Lugonu
  1818 | D:2      | Reached skill level 5 in Fighting
  1934 | D:2      | Noticed Jessica
  1935 | D:2      | Gained mutation: You are mostly covered in sharp spines. [demonic ancestry]
  1935 | D:2      | Reached XP level 5. HP: 45/46 MP: 6/6
  1973 | D:2      | Killed Jessica
  1973 | D:2      | Reached skill level 6 in Fighting
  2257 | D:2      | Found a basalt altar of Yredelemnul.
  2257 | D:2      | Found a hide-covered altar of Uskayaw.
  2431 | D:3      | Found a glowing golden altar of the Shining One.
  2431 | D:3      | Found a white marble altar of Elyvilon.
  2432 | D:3      | Found a glowing silver altar of Zin.
  2665 | D:3      | Reached *** piety under Lugonu
  2778 | D:3      | Gained mutation: You are dopey. (Int -2) [potion of mutation]
  2778 | D:3      | Gained mutation: Your spells are a little harder to cast, but a little more powerful. [potion of mutation]
  3087 | D:4      | Gained mutation: You sometimes gain power by taking damage. [demonic ancestry]
  3087 | D:4      | Reached XP level 6. HP: 53/53 MP: 7/7
  3112 | D:4      | Noticed lorenzova's ghost (amateur DECj)
  3119 | D:4      | Killed from afar by lorenzova's ghost

Skill      XL: |  1  2  3  4  5 |
---------------+----------------+-----
Fighting       | 4 5 6 |  6.8
Axes           | |  1.7
Armour         | |  1.7
Dodging        | |  0.8
Invocations    | |  2.4

Action                   |  1- 3 |  4- 6 || total
-------------------------+-------+-------++-------
Melee: Hand axe          |   132 |    11 ||   143
       Quarterstaff      |       |    41 ||    41
       Flail             |       |    43 ||    43
Invok: Depart the Abyss  |     1 |       ||     1
  Use: Scroll            |     2 |     8 ||    10
       Potion            |       |     8 ||     8
  Eat: Ration            |     1 |     1 ||     2
Armor: Leather armour    |     7 |       ||     7
       Ring mail         |    52 |    16 ||    68
       Chain mail        |       |    30 ||    30
Dodge: Dodged            |    94 |    31 ||   125
